 Dungeon Crawl Stone Soup version 0.30-b1-2-g02819fbbbe (webtiles) character file.

Game seed: 7231151905906070472

74 Alarkh the Shooter (level 4, 33/33 HPs)
             Began as a Demonspawn Hunter on May 25, 2023.
             Got out of the dungeon alive.
             The game lasted 00:01:34 (1247 turns).

Alarkh the Shooter (Demonspawn Hunter)              Turns: 1247, Time: 00:01:35

Health: 33/33      AC:  5    Str: 12    XL:     4   Next: 9%
Magic:  4/4        EV: 11    Int: 12    God:
Gold:   104        SH:  0    Dex: 16    Spells: 3/3 levels left

rFire   . . .        a - +0 shortbow
rCold   . . .        (shield currently unavailable)
rNeg    . . .        c - +0 leather armour
rPois   .            (no helmet)
rElec   .            (no cloak)
rCorr   .            (no gloves)
SInv    .            (no boots)
Will    .....        (no amulet)
Stlth   +            k - ring of wizardry
HPRegen 0.25/turn    (no ring)
MPRegen 0.09/turn

%: wizardry (x1)
@: no status effects
A: slimy green scales 1, powered by pain 1
a: no special abilities


You escaped.
You visited 1 branch of the dungeon, and saw 2 of its levels.

You collected 104 gold pieces.

Inventory:

Hand Weapons
 a - a +0 shortbow (weapon)
 b - a +2 dagger of electrocution
Armour
 c - a +0 leather armour (worn)
Jewellery
 k - a ring of wizardry (left hand)
 p - a +6 ring of strength
Scrolls
 d - a scroll of magic mapping {unknown}
 f - 2 scrolls of teleportation
 h - a scroll of butterflies
 l - a scroll of brand weapon {unknown}
 m - a scroll of identify {unknown}
 n - 2 scrolls of immolation
 q - a scroll of vulnerability {unknown}
Potions
 e - a potion of degeneration {unknown}
 g - a potion of mutation {unknown}
 i - a potion of magic {unknown}
 j - 3 potions of might {unknown}
 o - a potion of haste {unknown}


   Skills:
 - Level 2.0 Fighting
 + Level 5.1 Ranged Weapons
 - Level 1.7 Dodging
 - Level 0.8 Stealth


You had 3 spell levels left.
You didn't know any spells.
Your spell library contained the following spells:

 Spells                   Type           Power      Damage    Failure   Level
 Summon Ice Beast         Ice/Summ       0%         N/A       82%         4
 Summon Mana Viper        Hex/Summ       0%         N/A       98%         5
 Monstrous Menagerie      Summ           0%         N/A       100%        7


Dungeon Overview and Level Annotations

Branches:
Dungeon (2/15)

Altars:


Innate Abilities, Weirdness & Mutations

You are partially covered in slimy green scales. (AC +2)
You sometimes gain a little power by taking damage.


Message History

You see here an adder corpse.
You now have 93 gold pieces (gained 10).
Found a stone staircase leading down.
You now have 104 gold pieces (gained 11).
Found a robe.
q - a scroll labelled SAUCLU UPSUELUEFA
There is a stone staircase leading down here.
Found a robe.
A worm comes into view.
A worm is nearby!
A worm is nearby!
A worm is nearby!
You shoot an arrow.
The arrow hits the worm but does no damage.
You shoot an arrow. The arrow hits the worm.
The worm is moderately wounded.
You shoot an arrow. The arrow hits the worm.
The worm is moderately wounded.
You shoot an arrow. The arrow barely misses the worm.
You shoot an arrow. The arrow hits the worm.
The worm is heavily wounded.
You shoot an arrow.
The arrow hits the worm but does no damage.
The worm is heavily wounded.
You shoot an arrow. The arrow hits the worm.
The worm is heavily wounded.
You shoot an arrow. The arrow hits the worm.
The worm is severely wounded.
The worm bites you.
You shoot an arrow. The arrow hits the worm!
You kill the worm!
No target in view!
(D) Dungeon
Where to? (Enter - D:2 @ (x,y), ? - help)
There is a stone staircase leading up here.
You climb upwards.
There is a stone staircase leading down here.
There is a staircase leading out of the dungeon here.
Are you sure you want to leave the Dungeon?
This will make you lose the game!
You have escaped!

#............#...(..........
#.............#....##.......
#..............#...##.#.#...
#..............#............
#...............#.....#.....
#.......#.......#.....#.#...
#......#........#.......#...
#......#.#......#...#.#.....
#.....#..#.@....#...#.#.###.
#.....#...#.....#...#.#.#...
#.....#.........#...#.......
#.....#........#........###.
#......#.......#....###.....
#......#......#.....###.##..
#.......#...##.............#
#........###.........##.##..
#....................##.##..


There were no monsters in sight!

Vanquished Creatures
  2 adders (D:2)
  A gnoll (D:1)
  An ufetubus (D:2)
  2 worms
  A dart slug (D:1)
  6 ball pythons
  A bat (D:1)
  An endoplasm (D:1)
  2 giant cockroaches (D:2)
  A goblin (D:2)
  3 hobgoblins
  2 jackals (D:1)
  2 kobolds (D:2)
  3 quokkas
  3 frilled lizards
  2 rats
33 creatures vanquished.

Notes
Turn   | Place    | Note
-------+----------+-------------------------------------------
     0 | D:1      | Alarkh the Demonspawn Hunter began the quest for the Orb.
     0 | D:1      | Reached XP level 1. HP: 16/16 MP: 1/1
   141 | D:1      | Reached skill level 4 in Ranged Weapons
   150 | D:1      | Gained mutation: You sometimes gain a little power by
                  | taking damage. [demonic ancestry]
   150 | D:1      | Reached XP level 2. HP: 22/22 MP: 2/2
   457 | D:1      | Reached XP level 3. HP: 27/27 MP: 3/3
   460 | D:1      | Found a faded altar of an unknown god.
   971 | D:2      | Reached skill level 5 in Ranged Weapons
  1152 | D:2      | Gained mutation: You are partially covered in slimy green
                  | scales. (AC +2) [demonic ancestry]
  1152 | D:2      | Reached XP level 4. HP: 33/33 MP: 4/4
  1247 | D:$      | Got out of the dungeon alive.

Illustrated notes

Levels and vault maps discovered:
D:1:      dpeg_arrival_solitude, layout_basic, nicolae_ecumenical_snake_handling
D:2:      layout_rooms, minmay_tetromino_t2

Skill      XL: |  1  2  3 |
---------------+----------+-----
Ranged Weapons | 4 5 |  5.1
Fighting       | |  2.0
Dodging        | |  1.7
Stealth        | |  0.8

Action                     |  1- 3 |  4- 6 || total
---------------------------+-------+-------++-------
   Fire: Shortbow          |   117 |     9 ||   126
    Use: Scroll            |     2 |       ||     2
 Armour: Leather armour    |    13 |       ||    13
  Dodge: Dodged            |    33 |       ||    33
